 Dungeon Crawl Stone Soup version 0.21-a0-496-g696f58f537 (webtiles) character file.

44370 Kaname the Destroyer (level 13, -1/93 HPs)
             Began as a Demonspawn Venom Mage on Nov 24, 2017.
             Was a High Priest of Vehumet.
             Slain by a fire bat (5 damage)
             ... on level 4 of the Lair of Beasts.
             The game lasted 01:47:41 (22250 turns).

Kaname the Destroyer (Demonspawn Venom Mage)       Turns: 22250, Time: 01:47:42

Health: -1/93      AC:  6    Str:  9    XL:     13   Next: 95%
Magic:  8/26       EV: 11    Int: 29    God:    Vehumet [*****.]
Gold:   742        SH: 10    Dex: 13    Spells: 1/30 levels left

rFire    + . .     SeeInvis .   S - +1 rapier (flame)
rCold    . . .     Gourm    .   O - +2 shield
rNeg     . . .     Faith    .   R - +2 leather armour {rF+}
rPois    .         Spirit   .   L - +0 hat {MR+}
rElec    .         Reflect  .   a - +0 cloak
rCorr    .         Harm     .   (gloves unavailable)
MR       +....                  (no boots)
Stlth    +++++.....             f - amulet of magic regeneration
HPRegen  0.25/turn              E - +2 ring of intelligence
MPRegen  0.45/turn              y - +5 ring of intelligence

@: very slightly contaminated
A: claws 3, nightstalker 2, sturdy frame 1
a: Renounce Religion


You were on level 4 of the Lair of Beasts.
You worshipped Vehumet.
Vehumet was extremely pleased with you.
You were very hungry.

You visited 2 branches of the dungeon, and saw 16 of its levels.
You also visited: Volcano.

You collected 1316 gold pieces.
You spent 574 gold pieces at shops.

Inventory:

Hand Weapons
 K - a +2 dagger of distortion
 S - a +1 rapier of flaming (weapon)
Armour
 a - a +0 cloak (worn)
 H - a +1 plate armour of fire resistance
 L - a +0 hat of magic resistance (worn)
 O - a +2 shield (worn)
 P - a +3 scale mail of fire resistance
 R - a +2 leather armour of fire resistance (worn)
Jewellery
 f - an amulet of magic regeneration (around neck)
 q - an uncursed amulet of rage
 x - an uncursed ring of protection from cold
 y - a +5 ring of intelligence (right claw)
 E - a +2 ring of intelligence (left claw)
Wands
 b - a wand of polymorph (15)
 j - a wand of enslavement (6)
 D - a wand of paralysis (12)
 G - a wand of clouds (9)
 J - a wand of scattershot (2)
Scrolls
 m - 4 scrolls of teleportation
 n - 6 scrolls of remove curse
 o - 4 scrolls of fog
 s - 3 scrolls of magic mapping
 t - a scroll of random uselessness {unknown}
 u - a scroll of fear
 A - 2 scrolls of noise {unknown}
 B - 2 scrolls of immolation
 I - a scroll of vulnerability {unknown}
 M - 3 scrolls of enchant armour
 N - 3 scrolls of enchant weapon
Potions
 d - 2 potions of ambrosia
 e - 2 potions of brilliance
 h - a potion of resistance
 i - 3 potions of might {unknown}
 k - 2 potions of magic {unknown}
 p - 2 potions of flight
 r - a potion of haste {unknown}
 v - a potion of cancellation
 w - 4 potions of berserk rage
 C - 4 potions of curing
 F - 2 potions of invisibility
Comestibles
 c - 6 bread rations
 g - 6 meat rations
 l - 14 royal jellies
 Q - 2 fruits


   Skills:
 - Level 6.0 Fighting
 + Level 5.9 Short Blades
 - Level 4.0 Armour
 - Level 4.0 Dodging
 - Level 5.2 Stealth
 - Level 4.0 Shields
 - Level 9.2 Spellcasting
 - Level 10.0 Conjurations
 - Level 4.1 Hexes
 * Level 6.6 Necromancy
 - Level 8.0 Ice Magic
 - Level 7.7 Air Magic
 - Level 8.0 Poison Magic


You had one spell level left.
You knew the following spells:

 Your Spells              Type           Power        Failure   Level  Hunger
a - Venom Bolt            Conj/Pois      ######....   3%          5    ####...
b - Throw Icicle          Conj/Ice       ######..     1%          4    None
c - Mephitic Cloud        Conj/Pois/Air  ######..     1%          3    None
d - Olgreb's Toxic Radia  Pois           ######..     1%          4    None
e - Ensorcelled Hibernat  Hex/Ice        #####.       2%          2    None
f - Freezing Cloud        Conj/Ice/Air   ######....   21%         6    #####..
g - Bolt of Draining      Conj/Necr      ######....   4%          5    ####...


Dungeon Overview and Level Annotations

Branches:
Dungeon (11/15)            Temple (0/1) D:6            Lair (5/6) D:8
 Shoals (0/4) Lair:4        Snake (0/4) Lair:3
  Slime: Lair:5-6       Orc: D:9-12

Altars:
Ashenzari
Cheibriados
Dithmenos
Ru
Sif Muna
Vehumet

Shops:
D:8 *   D:9 *

Annotations:
D:3 Eonwe's ghost, amateur DgFi
D:9 loom's ghost, novice TrMo
Lair:4 1 transporter


Innate Abilities, Weirdness & Mutations

You have claws for hands.
You are significantly more attuned to the shadows.
Your movements are slightly less encumbered by armour. (ER -2)


Message History

Aim: a fire crab (freezing vapour, almost dead, lightly drained)
The bolt of negative energy hits the fire crab.
The fire crab is drained!
You kill the fire crab!
Vehumet accepts your kill.
You feel your power returning.
You are feeling very hungry.
You are engulfed in freezing vapours.
* * * LOW HITPOINT WARNING * * *
The fire bat closely misses you.
Unknown command.
Casting: Bolt of Draining
Confirm with . or Enter, or press ? or * to list all spells.
Aiming: Throw Icicle
Press: ? - help, Shift-Dir - straight line, f - fire bat
Aim: a fire bat (flame, severely wounded)
The shard of ice misses the fire bat.
You are engulfed in freezing vapours.
* * * LOW HITPOINT WARNING * * *
The fire bat bites you.
You die...

...........#§§§[)(.§§#...........
...........#§§§§§.§§.#...........
...........#§§§§§§§t§#...........
......)....# .§§§§§§#...........
PP....###..####§§b####...........
P......##...#§§.§§§§#....#.##....
#...........#§§#§#§§#............
###.........#§§§§§§§#...###.....P
#P........#§§#@#§§#...# #.....P
##.....[..#§§§b§§§#..## ###..).
#.........#§§§§§§§#.## #....
##........#########..# ##..#
##...........©....#P# ####
##...............###
#..............#.#
##[............###
#...........###


You could see 2 fire bats.

Vanquished Creatures
  Gastronok (Lair:3)
  Nessos (Lair:4)
  4 hydras
  A dancing weapon (Volcano)
  3 two-headed ogres
  A fire crab (Lair:4)
  5 wizards (Volcano)
  2 oklob plants
  A deep elf mage (D:8)
  An ugly thing (D:11)
  The ghost of Veteran the Jinx, a novice SpEn (D:8)
  4 elephants (Lair:3)
  Maurice (D:9)
  Joseph (D:8)
  3 black mambas
  5 toenail golems (Volcano)
  11 spiny frogs
  A gargoyle (D:11)
  Psyche (D:8)
  A centaur skeleton (D:11)
  2 rime drakes
  A kobold demonologist (D:10)
  2 komodo dragons
  A troll (D:11)
  A queen bee (D:8)
  2 polar bears (Lair:4)
  7 blink frogs
  2 hippogriffs
  2 basilisks (Lair:1)
  2 fire elementals (Lair:4)
  2 wyverns
  26 yaks
  A hungry ghost (D:7)
  19 water moccasins
  7 porcupines
  3 necrophages
  10 orc warriors
  3 ice beasts
  2 black bears
  A phantom (D:11)
  An eye of draining (D:11)
  9 sky beasts
  12 ogres
  7 centaurs
  12 wolves
  13 big kobolds (D:10)
  8 crocodiles
  17 bullfrogs
  2 wyvern skeletons (D:11)
  A water moccasin skeleton (D:8)
  7 scorpions
  5 wights
  17 killer bees
  2 electric eels
  9 howler monkeys
  5 crimson imps
  A lava snake (Lair:2)
  2 bullfrog zombies
  4 centaur zombies
  8 hounds
  3 jellies
  9 orc wizards
  A quasit (D:6)
  10 orc priests
  A bullfrog skeleton (D:4)
  Ijyb (D:5)
  5 iguanas
  12 worker ants
  A howler monkey zombie (D:8)
  A worker ant zombie (D:8)
  18 adders
  3 gnolls (D:4)
  2 shadow imps
  2 oozes (D:4)
  2 adder zombies
  4 adder skeletons
  2 worms
  3 dart slugs
  4 leopard geckos
  38 orcs
  3 bats
  4 giant cockroaches
  2 goblins (D:1)
  5 hobgoblins
  5 jackals
  4 quokkas
  5 ball pythons
  4 frilled lizards
  A jackal zombie (D:8)
  12 kobolds
  A quokka skeleton (D:4)
  7 rats
  6 bushes (Lair:4)
  A plant (Lair:3)
469 creatures vanquished.

Vanquished Creatures (others)
  A bullfrog skeleton (D:8)
  A jackal (D:8)
  A fungus (Lair:3)
  9 plants
12 creatures vanquished.

Grand Total: 481 creatures vanquished

Notes
Turn   | Place    | Note
-------+----------+-------------------------------------------
     0 | D:1      | Kaname the Demonspawn Venom Mage began the quest for the Orb.
     0 | D:1      | Reached XP level 1. HP: 13/13 MP: 3/3
     6 | D:1      | Noticed a wyvern
     6 | D:1      | Noticed a swamp worm
     6 | D:1      | Noticed a black mamba
     7 | D:1      | Noticed a black bear
   179 | D:1      | Gained mutation: You are slightly more attuned to the shadows. [demonic ancestry]
   179 | D:1      | Reached XP level 2. HP: 19/19 MP: 3/5
   330 | D:1      | Learned a level 2 spell: Poisonous Vapours
   609 | D:2      | Found a deep blue altar of Sif Muna.
   610 | D:2      | Found a shadowy altar of Dithmenos.
   635 | D:2      | Found a radiant altar of Vehumet.
   638 | D:2      | Found a sacrificial altar of Ru.
   642 | D:2      | Became a worshipper of Vehumet
  1015 | D:2      | Found a snail-covered altar of Cheibriados.
  1589 | D:2      | Reached XP level 3. HP: 17/24 MP: 6/6
  1700 | D:2      | Learned a level 3 spell: Mephitic Cloud
  1746 | D:2      | Reached skill level 2 in Conjurations
  2159 | D:3      | Noticed Eonwe's ghost (amateur DgFi)
  2423 | D:3      | Reached XP level 4. HP: 27/30 MP: 4/7
  2667 | D:4      | Reached skill level 1 in Air Magic
  2691 | D:4      | Reached * piety under Vehumet
  2691 | D:4      | Offered knowledge of Freeze by Vehumet.
  2733 | D:4      | Reached skill level 5 in Poison Magic
  2733 | D:4      | Gained mutation: You have sharp fingernails. [demonic ancestry]
  2733 | D:4      | Reached XP level 5. HP: 16/35 MP: 8/8
  2974 | D:4      | Noticed an ogre
  2982 | D:4      | Killed an ogre
  2982 | D:4      | Gained mutation: You are significantly more attuned to the shadows. [demonic ancestry]
  2982 | D:4      | Reached XP level 6. HP: 41/41 MP: 4/9
  3431 | D:4      | Reached skill level 3 in Conjurations
  3465 | D:4      | Reached XP level 7. HP: 46/46 MP: 8/10
  3474 | D:4      | Learned a level 4 spell: Olgreb's Toxic Radiance
  3931 | D:5      | Entered Level 5 of the Dungeon
  3969 | D:5      | Offered knowledge of Throw Flame by Vehumet.
  4203 | D:5      | Reached ** piety under Vehumet
  4443 | D:5      | Reached skill level 4 in Conjurations
  4772 | D:5      | Noticed Ijyb
  4779 | D:5      | Killed Ijyb
  4786 | D:5      | Reached XP level 8. HP: 35/52 MP: 9/11
  5178 | D:5      | Reached skill level 5 in Conjurations
  5704 | D:6      | Found a staircase to the Ecumenical Temple.
  5745 | D:6      | Reached skill level 6 in Conjurations
  5999 | D:6      | Learned a level 5 spell: Venom Bolt
  6187 | D:6      | Offered knowledge of Ignite Poison by Vehumet.
  6187 | D:6      | Reached skill level 7 in Conjurations
  6728 | D:7      | Gained mutation: Your movements are slightly less encumbered by armour. (ER -2) [demonic ancestry]
  6728 | D:7      | Reached XP level 9. HP: 15/57 MP: 15/15
  6939 | D:7      | Reached *** piety under Vehumet
  6939 | D:7      | Reached skill level 8 in Conjurations
  7006 | D:7      | Reached skill level 1 in Fighting
  7190 | D:7      | Reached skill level 5 in Spellcasting
  7734 | D:7      | Offered knowledge of Throw Icicle by Vehumet.
  7768 | D:7      | Learned a level 4 spell: Throw Icicle
  8043 | D:7      | Found a shattered altar of Ashenzari.
  8088 | D:8      | Noticed Veteran's ghost (novice SpEn)
  8161 | D:8      | Noticed a deep elf mage
  8167 | D:8      | Reached skill level 1 in Ice Magic
  8381 | D:8      | Noticed Joseph
  8825 | D:7      | Gained mutation: You have very sharp fingernails. [demonic ancestry]
  8825 | D:7      | Reached XP level 10. HP: 62/73 MP: 14/17
  8830 | D:8      | Reached **** piety under Vehumet
  8843 | D:8      | Killed Joseph
  8843 | D:8      | Reached skill level 5 in Fighting
  9074 | D:8      | Reached skill level 1 in Shields
  9075 | D:8      | Offered knowledge of Iskenderun's Mystic Blast by Vehumet.
  9296 | D:8      | Killed a deep elf mage
  9593 | D:8      | Killed Veteran's ghost
  9593 | D:8      | Reached skill level 5 in Stealth
  9607 | D:8      | Found a staircase to the Lair.
  9622 | D:8      | Noticed Psyche
  9821 | D:8      | Found Otawul's Demolitions Depot.
  9847 | D:8      | Killed Psyche
  9973 | D:9      | Noticed Maurice
  9980 | D:9      | Killed Maurice
 10048 | D:9      | Gained mutation: You have claws for hands. [demonic ancestry]
 10048 | D:9      | Reached XP level 11. HP: 72/81 MP: 16/18
 10056 | D:9      | Reached skill level 9 in Conjurations
 10108 | D:9      | Reached skill level 1 in Armour
 10155 | D:9      | Found Taoggoco's Serpentskin Sales.
 10300 | D:9      | Noticed loom's ghost (novice TrMo)
 10428 | D:9      | Reached ***** piety under Vehumet
 10505 | D:9      | Offered knowledge of Spellforged Servitor by Vehumet.
 10624 | D:9      | Noticed a two-headed ogre
 10631 | D:9      | Killed a two-headed ogre
 11494 | D:10     | Entered Level 10 of the Dungeon
 11913 | D:10     | Learned a level 2 spell: Ensorcelled Hibernation
 12111 | D:10     | Reached skill level 10 in Conjurations
 12168 | D:10     | Noticed a two-headed ogre
 12177 | D:10     | Killed a two-headed ogre
 12177 | D:10     | Reached skill level 1 in Short Blades
 13078 | D:8      | Bought the Papyrus of Attacks for 574 gold pieces
 13324 | D:11     | Reached skill level 5 in Ice Magic
 13607 | D:11     | Noticed a six-headed hydra
 13793 | D:11     | Reached XP level 12. HP: 61/88 MP: 6/19
 14039 | D:11     | Killed a six-headed hydra
 14110 | D:11     | Noticed a tengu warrior
 14179 | D:11     | Noticed a two-headed ogre
 14191 | D:11     | Killed a two-headed ogre
 14245 | D:11     | Noticed a tengu warrior
 14496 | Lair:1   | Entered Level 1 of the Lair of Beasts
 15081 | Lair:1   | Noticed a five-headed hydra
 15085 | Lair:1   | Killed a five-headed hydra
 15395 | Lair:2   | Found a dark tunnel.
 15400 | Volcano  | Entered a volcano
 15410 | Volcano  | Paralysed by a wizard for 4 turns
 15499 | Volcano  | Learned a level 6 spell: Freezing Cloud
 15621 | Volcano  | Paralysed by a wizard for 7 turns
 15969 | Volcano  | Reached skill level 5 in Air Magic
 16888 | Lair:2   | Reached XP level 13. HP: 93/93 MP: 21/24
 17550 | Lair:3   | Found a staircase to the Snake Pit.
 17636 | Lair:3   | Noticed Gastronok
 17710 | Lair:3   | Offered knowledge of Bolt of Draining by Vehumet.
 19415 | Lair:3   | Killed Gastronok
 19424 | Lair:3   | Learned a level 5 spell: Bolt of Draining
 19734 | Lair:4   | Found a transporter.
 19760 | Lair:4   | Reached skill level 1 in Necromancy
 20060 | Lair:4   | Noticed Nessos
 20064 | Lair:4   | Killed Nessos
 20078 | Lair:4   | Reached skill level 5 in Short Blades
 20353 | Lair:4   | Found a transporter.
 20823 | Lair:4   | Reached skill level 5 in Necromancy
 20945 | Lair:4   | Found a staircase to the Shoals.
 22250 | Lair:4   | HP: 4/93 [cloud of freezing vapour (22)]
 22250 | Lair:4   | Slain by a fire bat

Vault maps used:
D:1:      onia_arrival_zoo_common
D:2:      kb_forest_paths, grunt_temple_overflow_open, cheibriados_altar_1
D:5:      first_bread, uniq_ijyb
D:6:      minmay_temple_entry_enclosed_plants, kennysheep_dice
D:7:      lemuel_crystal_altar
D:8:      hangedman_cross_stitches, lair_entry_dummy, david_nohive_1,
          nicolae_blasting_shop, uniq_joseph, uniq_psyche
D:9:      david_orc_4, guppyfry_shop_venom, uniq_maurice
D:10:     special_room
D:11:     minmay_the_grid_square_5x5_5x5_mashed
Lair:1:   st_stairs_8
Lair:2:   enter_volcano_4, minivault_24, minivault_24, minmay_stone_trees_small,
          serial_bayou_shore_b
Lair:3:   dpeg_oklob_gauntlet, minmay_snake_entry_six_corridors,
          infiniplex_staircase_pool, serial_bayou_shore_b, uniq_gastronok
Lair:4:   gammafunk_cloud_chamber, shoals_dummy_entry, minmay_lair_oklob_bushes,
          uniq_nessos
Volcano:  volcano_bunker

Skill      XL: |  1  2  3  4  5  6  7  8  9 10 11 12 13 |
---------------+----------------------------------------+-----
Conjurations   | 2 3 4 7 8 10 | 10.0
Poison Magic   | 4 5 6 8 |  8.0
Air Magic      | 1 2 6 7 |  7.7
Spellcasting   | 4 5 7 9 |  9.2
Fighting       | 4 6 |  6.0
Stealth        | 4 5 |  5.2
Ice Magic      | 3 4 5 8 |  8.0
Shields        | 4 |  4.0
Dodging        | 4 |  4.0
Armour         | 4 |  4.0
Short Blades   | 3 4 5 |  5.9
Hexes          | 4 |  4.1
Necromancy     | 6 |  6.6

Action                   |  1- 3 |  4- 6 |  7- 9 | 10-12 | 13-15 || total
-------------------------+-------+-------+-------+-------+-------++-------
Melee: Unarmed           |    11 |       |       |       |       ||    11
       Spear             |   102 |    45 |       |       |       ||   147
       War axe           |       |    10 |   291 |   220 |       ||   521
       Short sword       |       |       |       |   121 |       ||   121
       Rapier            |       |       |       |    40 |    74 ||   114
 Cast: Sting             |    20 |     2 |       |       |       ||    22
       Poisonous Vapours |    12 |    27 |    65 |       |       ||   104
       Mephitic Cloud    |       |     3 |     5 |     3 |       ||    11
       Olgreb's Toxic Ra |       |       |    18 |    46 |    19 ||    83
       Venom Bolt        |       |       |     2 |    53 |    38 ||    93
       Throw Icicle      |       |       |     6 |   143 |    97 ||   246
       Ensorcelled Hiber |       |       |       |     1 |       ||     1
       Freezing Cloud    |       |       |       |       |    13 ||    13
       Bolt of Draining  |       |       |       |       |     8 ||     8
Evoke: Wand              |       |       |     4 |    12 |     3 ||    19
  Use: Potion            |       |     6 |     3 |     2 |     2 ||    13
       Scroll            |       |       |     8 |    11 |     4 ||    23
 Stab: Sleeping          |     7 |       |     3 |     6 |     2 ||    18
       Distracted        |       |     2 |     2 |     2 |       ||     6
       Paralysed         |       |       |     4 |       |       ||     4
  Eat: Chunk             |     6 |     5 |    13 |    39 |    22 ||    85
       Fruit             |       |       |     9 |     3 |     9 ||    21
       Bread ration      |       |       |     2 |     4 |       ||     6
Armor: Robe              |    18 |    16 |   123 |    58 |       ||   215
       Skin              |       |    12 |    24 |       |       ||    36
       Leather armour    |       |       |       |    32 |    27 ||    59
Dodge: Dodged            |    52 |    32 |   231 |   209 |    46 ||   570
Block: Buckler           |       |       |    76 |    34 |       ||   110
       Shield            |       |       |       |   172 |    65 ||   237

Table legend:
 A = Spawn XP
 B = Non-spawn XP
 C = Spawn XP percentage of total XP
 D = Spawn monster count
 E = Non-spawn monster count
 F = Spawn count percentage of total count
 G = Total turns spent on level
                    A         B        C        D         E        F      G
               +---------+---------+-------+---------+---------+-------+---------
         Total |       0 |   63387 |   0.0 |       0 |     463 |   0.0 | 22250
               +---------+---------+-------+---------+---------+-------+---------
           D:1 |       0 |      21 |   0.0 |       0 |      11 |   0.0 |   606
           D:2 |       0 |      42 |   0.0 |       0 |      16 |   0.0 |  1357
           D:3 |       0 |      37 |   0.0 |       0 |      14 |   0.0 |   535
           D:4 |       0 |     903 |   0.0 |       0 |      32 |   0.0 |  1433
           D:5 |       0 |     591 |   0.0 |       0 |      21 |   0.0 |  1342
           D:6 |       0 |    1055 |   0.0 |       0 |      23 |   0.0 |  1481
           D:7 |       0 |    2243 |   0.0 |       0 |      36 |   0.0 |  2341
           D:8 |       0 |    4847 |   0.0 |       0 |      47 |   0.0 |   975
           D:9 |       0 |    4365 |   0.0 |       0 |      44 |   0.0 |  1636
          D:10 |       0 |    3906 |   0.0 |       0 |      38 |   0.0 |  1170
          D:11 |       0 |    7103 |   0.0 |       0 |      49 |   0.0 |  1620
        Lair:1 |       0 |    4937 |   0.0 |       0 |      21 |   0.0 |   870
        Lair:2 |       0 |    3176 |   0.0 |       0 |      18 |   0.0 |  1086
        Lair:3 |       0 |   10720 |   0.0 |       0 |      45 |   0.0 |  2306
        Lair:4 |       0 |    8139 |   0.0 |       0 |      22 |   0.0 |  1625
        Lair:5 |       0 |    4655 |   0.0 |       0 |      15 |   0.0 |   922
       Volcano |       0 |    6647 |   0.0 |       0 |      11 |   0.0 |   945
               +---------+---------+-------+---------+---------+-------+---------
